Map: Aura mortale LE

Players

Ghoulie

  • Race: Protoss Protoss
  • League: Master
  • Spawn Location: 11:00

MacroAclicK - Winner!

  • Race: Terran Terran
  • League: Master
  • Spawn Location: 5:00

VOD

Have the link to the VOD?

Description

Time

  • Played on: March 2, 2021, 5:33 p.m.
  • Length: 16:54
Show
View Real Time Build Order
Export as new Build Order

Ghoulie Protoss 

Build Orders: 1 Gate Expand, Colossus Rush 

Get SALT Encoding   

  12  0:00  Probe  
  13  0:12  Probe  
  14  0:17  Pylon  
  14  0:24  Probe (Chrono Boost)  
  15  0:36  Probe (Chrono Boost)  
  15  0:37  Gateway  
  16  0:45  Probe (Chrono Boost)  
  16  0:46  Assimilator  
  17  0:50  Probe  
  18  1:03  Probe  
  19  1:15  Probe  
  20  1:25  Cybernetics Core  
  20  1:33  Nexus  
  20  1:41  Pylon  
  20  1:42  Probe  
  21  1:49  Assimilator  
  21  1:54  Probe  
  21  1:58  Adept (Chrono Boost)  
  24  2:06  Probe  
  25  2:10  Warp Gate  
  25  2:19  Probe  
  25  2:21  Stalker  
  27  2:31  Probe  
  28  2:43  Robotics Facility  
  29  2:46  Gateway  
  29  2:47  Probe (Chrono Boost)  
  29  2:49  Probe (Chrono Boost)  
  30  2:57  Stalker  
  30  2:58  Probe (Chrono Boost)  
  33  3:04  Probe (Chrono Boost)  
  34  3:10  Probe (Chrono Boost)  
  35  3:16  Probe (Chrono Boost)  
  37  3:23  Probe x2 (Chrono Boost)  
  38  3:30  Probe  
  38  3:31  Probe  
  38  3:32  Observer (Chrono Boost)  
  39  3:40  Pylon  
  39  3:42  Probe  
  39  3:43  Probe  
  39  3:47  Gateway  
  39  3:48  Observer  
  41  3:54  Probe  
  43  3:55  Probe  
  43  3:58  Stalker x2  
  48  4:07  Probe x2  
  48  4:09  Observer  
  51  4:16  Nexus  
  51  4:19  Pylon, Probe  
  51  4:20  Probe  
  53  4:26  Pylon  
  53  4:31  Probe  
  54  4:36  Robotics Bay  
  54  4:37  Assimilator, Probe, Observer  
  56  4:41  Assimilator  
  56  4:43  Observer  
  56  4:44  Probe  
  57  4:49  Probe  
  57  4:51  Stalker x2  
  62  4:56  Probe  
  63  5:01  Probe  
  64  5:08  Probe  
  64  5:13  Probe  
  66  5:14  Shield Battery  
  66  5:20  Probe  
  67  5:25  Probe  
  67  5:27  Colossus, Pylon, Observer  
  74  5:34  Extended Thermal Lance  
  74  5:35  Pylon  
  74  5:37  Probe x2  
  74  5:42  Zealot x3  
  82  5:46  Probe  
  82  5:47  Assimilator  
  82  5:49  Probe  
  84  5:53  Probe  
  85  5:58  Probe  
  85  6:00  Forge  
  85  6:01  Probe  
  85  6:02  Forge  
  87  6:05  Probe (Chrono Boost)  
  87  6:07  Twilight Council  
  89  6:13  Probe (Chrono Boost)  
  89  6:17  Probe x2 (Chrono Boost)  
  90  6:20  Colossus  
  90  6:22  Protoss Ground Weapons Level 1 (Chrono Boost), Protoss Ground Armor Level 1 (Chrono Boost)  
  90  6:23  Assimilator  
  99  6:26  Probe (Chrono Boost)  
  99  6:27  Probe (Chrono Boost)  
  99  6:28  Probe (Chrono Boost)  
  99  6:33  Stalker  
  99  6:38  Pylon  
  99  6:39  Pylon  
  101  6:43  Charge (Chrono Boost)  
  101  6:44  Photon Cannon  
  101  6:47  Photon Cannon  
  101  6:54  Nexus  
  101  6:56  Probe x3  
  101  6:58  Pylon  
  104  7:02  Pylon  
  104  7:08  Probe x3  
  107  7:09  Gateway x2  
  107  7:13  Templar Archives  
  107  7:16  Stalker  
  107  7:20  Probe x2  
  111  7:23  Probe  
  111  7:29  Photon Cannon, Colossus (Chrono Boost)  
  112  7:30  Zealot x2  
  112  7:32  Probe  
  112  7:34  Probe  
  112  7:35  Probe  
  125  7:38  Pylon  
  125  7:44  Photon Cannon  
  125  7:47  Shield Battery  
  125  7:49  Pylon, Psionic Storm  
  125  7:51  High Templar x2  
  127  7:52  High Templar  
  127  7:55  Probe x2  
  127  7:56  Probe  
  127  7:58  Blink (Chrono Boost)  
  134  8:07  Zealot x2  
  138  8:14  Gateway  
  138  8:16  Gateway  
  138  8:18  Pylon  
  138  8:20  Photon Cannon, Protoss Ground Weapons Level 2 (Chrono Boost)  
  138  8:25  Dark Shrine, Protoss Ground Armor Level 2 (Chrono Boost)  
  138  8:27  Photon Cannon, Shield Battery  
  141  8:35  Probe (Chrono Boost)  
  141  8:36  Probe (Chrono Boost)  
  141  8:37  Probe (Chrono Boost)  
  141  8:40  Probe (Chrono Boost)  
  142  8:41  Assimilator  
  142  8:43  Probe x2 (Chrono Boost)  
  142  8:45  Assimilator  
  142  8:48  High Templar x2, Gateway  
  148  8:49  Gateway  
  148  8:52  Gateway  
  148  8:53  Archon  
  148  9:03  Disruptor  
  149  9:15  Robotics Facility  
  149  9:18  Pylon  
  149  9:21  Pylon  
  149  9:23  Pylon, Nexus  
  149  9:26  Pylon, Gravitic Drive  
  149  9:27  Zealot x3, Stalker x3  
  149  9:28  High Templar  
  163  9:39  Shadow Stride  
  163  9:41  Gateway  
  163  9:43  Gateway  
  163  9:48  Pylon  
  163  10:03  Warp Prism (Chrono Boost), Disruptor (Chrono Boost)  
  166  10:15  Zealot x3  
  166  10:16  Zealot x7  
  186  10:23  Gravitic Boosters, Photon Cannon  
  186  10:24  Photon Cannon  
  186  10:26  Pylon  
  186  10:27  Shield Battery  
  186  10:28  Disruptor (Chrono Boost)  
  186  10:29  Disruptor (Chrono Boost)  
  186  10:30  Pylon  
  186  10:34  Dark Templar  
  194  10:39  Protoss Ground Weapons Level 3 (Chrono Boost)  
  194  10:55  Stalker  
  194  10:56  Zealot, High Templar  
  200  11:03  Nexus, Protoss Shields Level 1 (Chrono Boost)  
  200  11:04  Pylon  
  200  11:27  Pylon  
  195  11:41  Dark Templar  
  174  11:52  Dark Templar x6  
  174  11:53  Dark Templar x4  
  192  12:00  Stalker x2  
  143  12:24  Zealot x5  
  143  12:25  Zealot x7  
  163  12:35  Disruptor  
  138  12:45  Zealot x4  
  138  12:47  Dark Templar x2  
  134  12:56  High Templar x2  
  134  12:57  Zealot x2, High Templar  
  127  13:01  Archon  
  119  13:11  Zealot  
  119  13:12  Zealot x3  
  97  13:20  Disruptor  
  97  13:22  Zealot x3  
  97  13:23  Zealot  
  103  13:32  Dark Templar  
  103  13:34  High Templar x2  
  102  13:35  Zealot x4  
  104  13:46  Dark Templar  
  103  13:49  Zealot x3  
  103  13:53  Assimilator  
  103  13:55  Colossus (Chrono Boost), Assimilator  
  109  14:00  Gateway  
  109  14:02  Gateway  
  111  14:04  Gateway  
  111  14:08  Assimilator  
  107  14:10  Assimilator, Probe x2  
  107  14:12  High Templar x2  
  107  14:13  High Templar  
  107  14:14  Zealot, High Templar, Gateway  
  107  14:15  Zealot x4, High Templar  
  107  14:17  Gateway, Archon x2  
  129  14:18  Gateway  
  129  14:19  Pylon  
  129  14:22  Probe  
  130  14:26  Probe x2  
  130  14:34  Probe, Nexus  
  130  14:36  Pylon  
  130  14:38  Pylon  
  131  14:43  Stalker x5  
  138  14:56  Colossus (Chrono Boost)  
  129  15:04  Stalker x2  
  130  15:09  Probe x2 (Chrono Boost)  
  133  15:14  Assimilator  
  133  15:15  Probe (Chrono Boost)  
  133  15:17  Dark Templar  
  133  15:18  Zealot x10, Assimilator  
  153  15:32  Stalker x3  
  147  15:55  Zealot x3  
  144  15:59  Zealot x5  
  144  16:00  Zealot x2  
  120  16:11  Zealot x2  
  96  16:20  Dark Templar  
  52  16:42  Dark Templar  
  44  16:47  Robotics Facility  
  44  16:52  Dark Templar  
  44  16:53  Dark Shrine  
Show
View Real Time Build Order
Export as new Build Order

MacroAclicK Terran - Winner!

Build Orders: Reaper Expand 

Get SALT Encoding   

  12  0:00  SCV  
  13  0:12  SCV  
  14  0:17  Supply Depot  
  14  0:24  SCV  
  15  0:38  SCV  
  15  0:40  Barracks  
  16  0:43  Refinery  
  16  0:50  SCV  
  17  1:02  SCV  
  18  1:14  SCV  
  19  1:26  Reaper  
  19  1:27  Orbital Command  
  20  1:43  Command Center  
  20  1:54  Supply Depot, SCV  
  20  1:59  Barracks Reactor  
  21  2:07  SCV  
  22  2:19  SCV  
  23  2:25  Factory  
  23  2:31  SCV  
  24  2:39  Command Center  
  24  2:42  Marine  
  24  2:43  Marine  
  25  2:50  SCV  
  26  2:56  Orbital Command  
  26  3:02  SCV  
  26  3:03  Marine  
  26  3:04  Marine  
  29  3:10  Widow Mine  
  31  3:14  SCV  
  32  3:21  Marine x2  
  32  3:25  SCV  
  32  3:26  SCV  
  36  3:36  Widow Mine, Starport  
  36  3:37  SCV  
  36  3:38  SCV  
  40  3:46  Marine x2  
  42  3:49  SCV  
  42  3:50  SCV  
  42  3:53  Orbital Command  
  44  3:56  Refinery  
  44  4:01  SCV, Factory Tech Lab  
  44  4:02  SCV  
  46  4:04  Marine x2  
  48  4:13  Medivac, SCV  
  48  4:14  SCV  
  52  4:20  SCV  
  52  4:21  Marine  
  52  4:22  Marine, Engineering Bay  
  55  4:24  Supply Depot  
  55  4:25  SCV  
  55  4:26  SCV  
  57  4:32  SCV  
  57  4:37  SCV  
  59  4:38  SCV  
  59  4:39  Marine  
  61  4:45  Marine  
  61  4:50  Supply Depot  
  61  4:51  Siege Tank  
  61  4:52  Supply Depot  
  65  4:53  SCV x3  
  65  4:56  Refinery  
  65  4:57  Marine, Refinery  
  69  5:12  Medivac, Supply Depot, SCV x3  
  69  5:13  Supply Depot  
  75  5:15  Barracks, Supply Depot x2  
  74  5:23  Barracks Tech Lab  
  74  5:24  Barracks  
  74  5:26  SCV x3  
  74  5:27  Siege Tank  
  80  5:38  SCV x3  
  83  5:44  Supply Depot, Missile Turret  
  83  5:45  Missile Turret  
  83  5:50  SCV x3  
  83  5:53  Marauder  
  83  5:56  Stimpack  
  88  5:59  Siege Tank  
  88  6:01  Orbital Command  
  88  6:02  SCV  
  88  6:03  Starport Reactor  
  92  6:04  Engineering Bay  
  92  6:06  SCV  
  93  6:14  SCV  
  94  6:18  SCV  
  94  6:20  Supply Depot  
  94  6:23  Supply Depot  
  95  6:26  SCV  
  95  6:27  SCV  
  95  6:30  SCV  
  98  6:38  SCV  
  98  6:39  SCV  
  100  6:40  Refinery x2  
  100  6:42  Barracks Tech Lab, SCV  
  100  6:43  Marine x2, Marauder  
  100  6:45  Siege Tank  
  100  6:46  Medivac x2  
  112  6:50  SCV  
  112  6:51  SCV  
  114  6:55  SCV  
  114  6:58  Missile Turret  
  114  7:01  Marine x2, Command Center  
  115  7:03  Command Center  
  115  7:04  Terran Infantry Weapons Level 1, Terran Infantry Armor Level 1  
  115  7:05  Marauder  
  119  7:09  Armory  
  119  7:12  Missile Turret  
  119  7:13  SCV x3, Missile Turret  
  122  7:24  Medivac x2  
  122  7:25  SCV x3  
  122  7:28  Starport  
  129  7:31  Marine, Marauder x2  
  129  7:33  Marine  
  129  7:35  Combat Shield  
  129  7:36  Concussive Shells  
  135  7:44  Supply Depot  
  135  7:47  Refinery x2  
  135  7:49  Supply Depot  
  135  7:51  Supply Depot  
  135  7:53  Sensor Tower  
  135  7:57  Missile Turret  
  135  7:58  Siege Tank  
  138  7:59  Marauder  
  138  8:00  Marine  
  138  8:05  Starport Reactor, Marine, Viking  
  141  8:06  Marauder  
  141  8:07  Viking  
  148  8:14  Terran Vehicle And Ship Armor Level 1  
  148  8:15  SCV x3  
  148  8:16  SCV  
  152  8:20  Ghost Academy  
  152  8:35  Supply Depot, Missile Turret  
  152  8:36  Siege Tank  
  152  8:37  Marine, Marauder x2, Sensor Tower  
  152  8:38  Marine  
  161  8:42  Planetary Fortress  
  75  8:48  Viking  
  161  8:52  Planetary Fortress  
  163  9:06  Viking x3  
  169  9:15  Marine x3  
  169  9:16  Marine  
  173  9:17  Terran Infantry Weapons Level 2  
  173  9:20  Terran Infantry Armor Level 2  
  173  9:24  Viking  
  175  9:26  Command Center  
  175  9:33  Marine x4  
  179  9:39  Command Center, Viking x2  
  179  9:40  Viking  
  179  9:44  Barracks  
  185  9:45  Refinery  
  185  9:46  Barracks  
  185  9:47  Refinery  
  185  9:49  Barracks  
  185  9:51  Barracks, Marine x4  
  189  9:55  Barracks  
  189  9:57  Barracks  
  189  10:01  Barracks  
  187  10:17  Marine x2  
  193  10:23  Viking x2  
  193  10:24  Viking  
  199  10:35  Marine  
  200  10:37  Planetary Fortress  
  200  10:40  Terran Vehicle And Ship Armor Level 2  
  200  10:41  Missile Turret  
  200  10:45  Unknown x2  
  200  10:52  Barracks Tech Lab x6  
  200  10:53  Barracks Tech Lab  
  200  11:01  Missile Turret  
  200  11:07  Factory  
  178  12:09  Marine x2, Marauder x4  
  178  12:10  Marine, Marauder  
  184  12:18  Marauder x3  
  177  12:27  Marine x2  
  177  12:28  Marauder  
  174  12:30  Marauder  
  174  12:31  Marauder x4  
  174  12:36  Siege Tank  
  176  12:37  Factory Tech Lab  
  176  12:39  Marine  
  176  12:40  Marauder x2  
  176  12:41  Liberator x4  
  193  12:45  Marine x2  
  193  12:49  Marauder  
  189  12:51  Marine  
  189  12:52  Marine, Marauder  
  189  12:56  Terran Vehicle Weapons Level 1, Command Center  
  180  13:00  Marauder x3  
  180  13:05  Marine x2  
  179  13:06  Marine x2  
  179  13:09  Marine x2, Siege Tank  
  179  13:10  Marine  
  184  13:13  Marine  
  179  13:20  Marine  
  179  13:21  Marine x2  
  179  13:23  Marine x4  
  183  13:27  Marine x2  
  183  13:28  Marine  
  183  13:30  Marine  
  180  13:38  Marine x2  
  180  13:39  Marine  
  180  13:41  Marine x4  
  172  13:45  Medivac x3, Marine x2  
  172  13:46  Medivac, Marine  
  179  13:48  Marine  
  178  13:56  Marine x3  
  178  13:59  Marine x4  
  177  14:03  Marine x2  
  177  14:04  Marine  
  176  14:10  Planetary Fortress  
  176  14:12  SCV, Missile Turret  
  176  14:13  SCV x3  
  176  14:14  Missile Turret  
  180  14:25  SCV x4  
  182  14:37  SCV x4  
  186  14:44  Marine x2  
  186  14:45  Marine x9  
  197  14:47  Medivac  
  197  14:49  SCV  
  195  15:02  Marine x3  
  195  15:03  Marine  
  199  15:20  Marine  
  172  15:56  Marine x3  
  156  16:13  Marauder x6  
  156  16:14  Marine x2, Marauder  
  156  16:15  Marauder  
  144  16:32  Marine x2  
  152  16:34  Marine x2  
  152  16:35  Marine  
Tags
 
Add a new tag
Caveats
  • Supply blocks, unpowered buildings, or Contaminate may cause inaccurate times.
  • Supply counts are checked every 10 seconds.